AoeStats
← Milo Thatch

Four Lakes

509782398Analyzed
1v1 RM · 5d ago on Sep 28, 2026· 23m 19s· 2 players
Game mode
Random Map
Map size
Tiny (2 player)
Population
200
Speed
Normal
Resources
Standard
Victory
Conquest
Starting age
Dark Age
Ending age
Imperial Age
RankedLock teamsTeams togetherTeam positionsShared explorationLock speedFull tech treeHidden civsTurbo modeCheats
Victory
Defeat
🇺🇸 Vietnamese · United States
948
+46
🇺🇸 Italians · United States
952
-46
Milo Thatch
7:32 Loom
11:16 Feudal Age
11:52 Horse Collar
11:59 Double-Bit Axe
13:24 Forging
17:50 Padded Archer Armor
17:41 Fletching
17:51 Scale Mail Armor
22:42 Gold Mining
25:53 Castle Age
Jacoby
13:44 Feudal Age
15:44 Man-at-Arms
21:49 Horse Collar
Connection lost

Rejoining the realm…

Still unreachable

The connection could not be restored.

Session expired

The server has moved on; the page needs a fresh start.